 Dungeon Sprint DCSS version 0.30-a0-964-gd452b5e7fa (webtiles) character file.

Game seed: 12953944184719527609

121 dialectric the Covered (level 5, -5/38 HPs)
             Began as a Gargoyle Fighter on Mar 30, 2023.
             Slain by a neqoxec (11 damage)
             ... in the Dungeon (Sprint II: "The Violet Keep of Menkaure").
             The game lasted 00:00:17 (32 turns).

dialectric the Covered (Gargoyle Fighter)             Turns: 32, Time: 00:00:17

Health: -5/38      AC:  9    Str: 19      XL:     5   Next: 5%
Magic:  5/5        EV: 10    Int:  2 (9)  God:
Gold:   0          SH:  0    Dex: 11      Spells: 4/4 levels left

rFire   . . .      SeeInvis .    a - +0 long sword
rCold   . . .      Faith    .    (no shield)
rNeg    + . .      Spirit   .    b - +0 scale mail
rPois   ∞          Reflect  .    (no helmet)
rElec   +          Rampage  .    (no cloak)
rCorr   .          NoTele   +    (no gloves)
Will    .....                    (no boots) Stlth
                                 (no amulet)
HPRegen 0.26/turn                (no ring)
MPRegen 0.09/turn                (no ring)

@: on berserk cooldown, slowed, unable to read, very slow
A: sickness immunity, AC +4, negative energy resistance 1, electricity
resistance, torment resistance 1, petrification resistance, deformed body,
deterioration 1, inability to drink after injury 1, inability to read after
injury 1
a: no special abilities


You were in the Dungeon.
You visited 1 branch

Inventory:

Hand Weapons
 a - a +0 long sword (weapon)
Armour
 b - a +0 scale mail (worn)
 c - a +0 buckler
Scrolls
 j - a scroll of blinking
Potions
 d - a potion of might
 e - a potion of curing
 f - a potion of heal wounds
 g - a potion of haste
 h - 2 potions of magic


   Skills:
 + Level 7.0 Fighting
 + Level 4.2 Long Blades
 + Level 7.6 Armour
 + Level 0.7 Dodging
 - Level 3.2 Shields


You had 4 spell levels left.
You didn't know any spells.
Your spell library was empty.

Dungeon Overview and Level Annotations

Branches:
Dungeon (1/1)

Altars:


Innate Abilities, Weirdness & Mutations

You are immune to sickness and miasma.
Your stone body is resilient. (AC +4)
You are immune to poison.
You resist negative energy. (rN+)
You are resistant to electric shocks. (rElec)
You are resistant to unholy torment.
You are immune to petrification.
Armour fits poorly on your strangely shaped body.
Your body sometimes deteriorates upon taking damage.
You occasionally lose the ability to drink potions when taking damage.
You occasionally lose the ability to read scrolls when taking damage.


Message History

Something feeds on your intellect!
You cannot drink potions in your current state!
Unknown command.
You closely miss the neqoxec.
The neqoxec is moderately wounded.
The neqoxec hits you.
* * * LOW HITPOINT WARNING * * *
The neqoxec hits you.
* * * LOW HITPOINT WARNING * * *
You slash the neqoxec!
The neqoxec is heavily wounded.
The neqoxec hits you but does no damage.
The neqoxec closely misses you.
You hit the neqoxec.
The neqoxec is severely wounded.
You can drink potions again.
The neqoxec hits you but does no damage.
You hit the neqoxec.
The neqoxec is severely wounded.
The neqoxec completely misses you.
The neqoxec hits you but does no damage.
You closely miss the neqoxec.
The neqoxec is severely wounded.
You can read scrolls again.
The neqoxec gestures at you.
Strange energies course through your body.
Your body twists and deforms.
The neqoxec gestures at you.
You feel dopey. Something feeds on your intellect!
The neqoxec closely misses you.
You miss the neqoxec.
The neqoxec is severely wounded.
The neqoxec gestures at you.
Strange energies course through your body.
You feel yourself wasting away. The neqoxec gestures at you.
You feel dopey. Something feeds on your intellect! The neqoxec hits you!
You feel threatened and lose the ability to read scrolls!
You die...

# #. #+#
#3##.##
#33@<.+
#..##.##
#. #+# #


You could see 3 neqoxecs.

Vanquished Creatures
  A neqoxec (D)
1 creature vanquished.

Notes
Turn   | Place    | Note
-------+----------+-------------------------------------------
     0 | D        | dialectric the Gargoyle Fighter began the quest for the
                  | Orb.
     0 | D        | Reached XP level 1. HP: 14/14 MP: 1/1
     8 | D        | Noticed a neqoxec
     8 | D        | Noticed a neqoxec
     8 | D        | Noticed a neqoxec
     8 | D        | Noticed a neqoxec
    19 | D        | Gained mutation: You occasionally lose the ability to drink
                  | potions when taking damage. [a neqoxec]
    21 | D        | Killed a neqoxec
    22 | D        | Reached XP level 2. HP: 20/24 MP: 2/2
    22 | D        | Reached XP level 3. HP: 24/28 MP: 3/3
    22 | D        | Reached XP level 4. HP: 29/34 MP: 4/4
    22 | D        | Reached XP level 5. HP: 33/38 MP: 5/5
    24 | D        | Gained mutation: You occasionally lose the ability to read
                  | scrolls when taking damage. [a neqoxec]
    31 | D        | Gained mutation: Armour fits poorly on your strangely
                  | shaped body. [a neqoxec]
    32 | D        | Gained mutation: Your body sometimes deteriorates upon
                  | taking damage. [a neqoxec]
    32 | D        | Slain by a neqoxec

Illustrated notes

Levels and vault maps discovered:
D:        the_violet_keep_of_menkaure [sprint2_stairs_cluster_1,
          sprint2_shoproom, sprint2_temple, sprint2_basic_supplies,
          sprint2_obstacle_2, sprint2_obstacle_6, sprint2_obstacle_7,
          sprint2_obstacle_4, sprint2_obstacle_1, sprint2_timed_cluster_1,
          sprint2_smallroom_cluster_1, sprint2_smallroom_final_cluster_1,
          sprint2_transparent_cluster_1, sprint2_second_timed_cluster_1,
          sprint2_sniper_area_1, sprint2_heavy_combat_area_1,
          sprint2_mutation_trap_area_1, sprint2_forest_area_1,
          sprint2_light_combat_area_1, sprint2_behind_water_1,
          sprint2_near_end_vault_1]

Skill      XL: |  1 |
---------------+----+-----
Fighting       | 7 |  7.0
Long Blades    | 4 |  4.2
Armour         | 7 |  7.6
Dodging        | |  0.7
Shields        | |  3.2

Action                     |  1- 3 |  4- 6 || total
---------------------------+-------+-------++-------
  Melee: Long sword        |    12 |    10 ||    22
    Use: Potion            |     1 |       ||     1
 Armour: Scale mail        |     1 |     4 ||     5
  Dodge: Dodged            |     4 |     4 ||     8

Table legend: (Time is in decaauts)
 A = Elapsed time spent in this place.
 B = Non-inter-level travel time spent in this place.
 C = Inter-level travel time spent in this place.
 D = Time resting spent in this place.
 E = Time spent auto-exploring this place.
 F = Levels seen in this place.
 G = Mean time per level.
                   A        B        C        D        E       F      G
               +--------+--------+--------+--------+--------+-----+--------+
         Total |     36 |     36 |      0 |      0 |      0 |   1 |   36.0 |
       Dungeon |     36 |     36 |      0 |      0 |      0 |   1 |   36.0 |
               +--------+--------+--------+--------+--------+-----+--------+

Top non-repeatable levels by time:
       D: 36 daAuts
